 Dungeon Crawl Stone Soup version 0.25-a0-697-g890751e (webtiles) character file.

Game seed: 14249791650203265800, levelgen mode: deterministic

208 Faca the Skirmisher (level 6, -10/50 HPs)
             Began as a Human Fighter on Apr 1, 2020.
             Mangled by an ogre
             ... wielding a cursed +0 giant club
              (17 damage)
             ... on level 5 of the Dungeon.
             The game lasted 00:05:52 (1907 turns).

Faca the Skirmisher (Human Fighter)                 Turns: 1907, Time: 00:05:52

Health: -10/50     AC:  9    Str: 19    XL:     6   Next: 11%
Magic:  6/6        EV:  7    Int:  8    God:
Gold:   61         SH: 10    Dex: 12    Spells: 5/5 levels left

rFire    . . .     SeeInvis .   a - +0 flail
rCold    . . .     Gourm    .   c - +1 kite shield
rNeg     . . .     Faith    .   b - +0 scale mail
rPois    .         Spirit   .   l - +0 helmet
rElec    .         Reflect  .   (no cloak)
rCorr    .         Harm     .   (no gloves)
MR       .....                  h - +0 pair of boots
Stlth    ..........             m - amulet of the acrobat
HPRegen  0.16/turn              (no ring)
MPRegen  0.10/turn              (no ring)

@: very slightly contaminated, invisible (expiring)
A: no striking features
a: no special abilities


You were on level 5 of the Dungeon.
You were hungry.

You visited 1 branch of the dungeon, and saw 5 of its levels.

You collected 61 gold pieces.

Inventory:

Hand Weapons
 a - a +0 flail (weapon)
Armour
 b - a +0 scale mail (worn)
 c - a +1 kite shield (worn)
 e - a +0 crystal plate armour
 h - a +0 pair of boots (worn)
 l - a +0 helmet (worn)
Jewellery
 d - an uncursed ring of fire
 m - an amulet of the acrobat (around neck)
Scrolls
 g - a scroll of immolation {unknown}
 i - 2 scrolls of identify
Potions
 k - a potion of flight
 n - a potion of lignification
Comestibles
 f - 5 rations


   Skills:
 + Level 4.9 Fighting
 + Level 4.3 Maces & Flails
 - Level 3.0 Armour
 - Level 3.0 Shields


You had 5 spell levels left.
You didn't know any spells.
Your spell library was empty.

Dungeon Overview and Level Annotations

Branches:
Dungeon (5/15)
 Temple: D:4-7

Altars:
Qazlal

Annotations:
D:4 Dowan, Duvessa


Message History

You flicker for a moment.
You closely miss the orc.
The orc is heavily wounded.
The orc hits you but does no damage.
The orc throws a stone.
The stone hits the ogre but does no damage.
Your shield prevents you from hitting the ogre.
The ogre is lightly wounded.
The ogre hits you with a cursed +0 giant club!
* * * LOW HITPOINT WARNING * * *
You block the orc's attack.
The orc throws a stone.
The stone hits the ogre but does no damage.
Your shield and scale mail prevent you from hitting the ogre.
The ogre is lightly wounded.
You block the ogre's attack.
You strike the helpless ogre from behind!
You sock the ogre!
The ogre is heavily wounded.
The orc hits you but does no damage.
The ogre hits you with a cursed +0 giant club!
You die...

#.............##.?.
##...##<.............
#..####....###.#.....
#..# #.#...# .##....
##..# #.###.....#....
#.### ##..#
#.#..[.... #..##
#...#####.......
##..#
##.##(..).......
#..###(()....@###..
#.......#....oOoZ...#
###...........#o.#.##
#...(....(###....#
#.........## .....
##....(...# .....
######.### .... #.#
.... ###


You could see an ogre, 3 orcs and a jackal zombie (wandering).

Vanquished Creatures
  An ogre (D:5)
  A centaur (D:5)
  3 adders (D:2)
  An ooze (D:2)
  2 worms (D:2)
  A dart slug (D:2)
  A leopard gecko (D:2)
  An orc (D:5)
  A ball python (D:1)
  8 bats
  2 giant cockroaches
  4 goblins
  9 hobgoblins
  6 jackals
  A quokka (D:2)
  6 frilled lizards
  7 kobolds
  7 rats
62 creatures vanquished.

Vanquished Creatures (others)
  An ice beast (D:5)
  An adder (D:5)
2 creatures vanquished.

Grand Total: 64 creatures vanquished

Notes
Turn   | Place    | Note
-------+----------+-------------------------------------------
     0 | D:1      | Faca the Human Fighter began the quest for the Orb.
     0 | D:1      | Reached XP level 1. HP: 18/18 MP: 1/1
    85 | D:1      | Reached XP level 2. HP: 21/24 MP: 2/2
   237 | D:1      | You fall into a shaft and drop 1 floor!
   295 | D:2      | Reached XP level 3. HP: 29/29 MP: 3/3
   555 | D:2      | Reached XP level 4. HP: 37/37 MP: 4/4
  1275 | D:2      | Found a stormy altar of Qazlal,
  1708 | D:3      | Reached XP level 5. HP: 38/42 MP: 5/5
  1849 | D:3      | You fall into a shaft and drop 2 floors!
  1849 | D:5      | Entered Level 5 of the Dungeon
  1856 | D:4      | Noticed Duvessa
  1856 | D:4      | Noticed a phantom
  1857 | D:4      | Noticed Dowan
  1873 | D:5      | Noticed an ogre
  1876 | D:5      | Noticed a centaur
  1880 | D:5      | Killed an ogre
  1884 | D:5      | Noticed an ice beast
  1891 | D:5      | Killed an ice beast
  1895 | D:5      | Noticed an ogre
  1902 | D:5      | Killed a centaur
  1902 | D:5      | Reached XP level 6. HP: 24/50 MP: 6/6
  1907 | D:5      | Mangled by an ogre

Levels and vault maps discovered:
D:1:      dpeg_arrival_rooms_c, layout_loops_ring
D:2:      layout_loops_ring, grunt_qazlal_clouds
D:3:      layout_loops_ring, chequers_ecumenical_altar_twisty, first_ration,
          kennysheep_orc_chapel, uniq_crazy_yiuf_cottage, uniq_grinder
D:4:      minmay_octagon_keep, layout_basic, lemuel_round_altar,
          elyvilon_altar_5, uniq_duvessa, uniq_eustachio
D:5:      layout_cave_pools, minmay_temple_entry_waves

Skill      XL: |  1  2  3  4  5 |
---------------+----------------+-----
Maces & Flails | 3 4 |  4.3
Fighting       | 4 |  4.9
Armour         | |  3.0
Shields        | |  3.0

Action                   |  1- 3 |  4- 6 || total
-------------------------+-------+-------++-------
Melee: Flail             |    97 |   149 ||   246
  Use: Potion            |     4 |     1 ||     5
       Scroll            |       |     5 ||     5
 Stab: Invisible         |       |     3 ||     3
  Eat: Chunk             |       |     3 ||     3
Armor: Scale mail        |    57 |    82 ||   139
Dodge: Dodged            |    30 |    84 ||   114
Block: Kite shield       |    49 |    73 ||   122

Table legend:
 A = Non-vault XP
 B = Vault XP
 C = Vault XP percentage of total XP
 D = Non-vault monster count
 E = Vault monster count
 F = Vault count percentage of total count
                 A         B        C        D         E       F
            +---------+---------+-------+---------+---------+-------
      Total |     298 |       0 |   0.0 |      62 |       0 |   0.0
            +---------+---------+-------+---------+---------+-------
        D:1 |      37 |       0 |   0.0 |      23 |       0 |   0.0
        D:2 |      97 |       0 |   0.0 |      29 |       0 |   0.0
        D:3 |      13 |       0 |   0.0 |       7 |       0 |   0.0
        D:5 |     151 |       0 |   0.0 |       3 |       0 |   0.0
            +---------+---------+-------+---------+---------+-------
